 Dungeon Crawl Stone Soup version 0.25.0-41-g26779e291d (webtiles) character file.

Game seed: 2309039851741968260

44 Ethylacetat the Firebug (level 3, -11/21 HPs)
             Began as an Octopode Fire Elementalist on July 10, 2020.
             Mangled by an ogre
             ... wielding a +0 giant spiked club
              (32 damage)
             ... on level 2 of the Dungeon.
             The game lasted 00:03:32 (1667 turns).

Ethylacetat the Firebug (OpFE)                      Turns: 1667, Time: 00:03:33

Health: -11/21     AC:  1    Str:  7    XL:     3   Next: 60%
Magic:  3/6        EV: 13    Int: 18    God:
Gold:   43         SH:  0    Dex: 12    Spells: 5/6 levels left

rFire    . . .     SeeInvis .   (no weapon)
rCold    . . .     Gourm    .   (no shield)
rNeg     . . .     Faith    .   (helmet restricted)
rPois    .         Spirit   .   (no amulet)
rElec    .         Reflect  .   (no ring)
rCorr    .         Harm     .   (no ring)
MR       .....                  (no ring)
Stlth    +++.......             (no ring)
HPRegen  0.07/turn              (no ring)
MPRegen  0.10/turn              (no ring)
                                (no ring)
                                (no ring)

@: no status effects
A: almost no armour, stealthy swim, amphibious, 8 rings, constrict 8, camouflage
1, gelatinous body 1
a: no special abilities


You were on level 2 of the Dungeon.
You were not hungry.

You visited 1 branch of the dungeon, and saw 2 of its levels.

You collected 43 gold pieces.

Inventory:

Wands
 i - a wand of clouds (5)
Scrolls
 a - 2 scrolls of identify {unknown}
 d - a scroll of remove curse {unknown}
 f - a scroll of enchant weapon {unknown}
 h - a scroll of immolation {unknown}
Potions
 c - a potion of curing {unknown}
 e - a potion of haste {unknown}
Comestibles
 b - 5 rations
 g - 4 chunks of flesh


   Skills:
 - Level 2.0 Dodging
 - Level 2.6 Stealth
 + Level 2.3 Spellcasting
 * Level 2.2 Conjurations
 * Level 3.6 Fire Magic


You had 5 spell levels left.
You knew the following spells:

 Your Spells              Type           Power        Failure   Level  Hunger
a - Foxfire               Conj/Fire      ##..         5%          1    #......

Your spell library contained the following spells:

 Spells                   Type           Power        Failure   Level  Hunger
 Conjure Flame            Conj/Fire      ##......     16%         3    ###....
 Inner Flame              Hex/Fire       #.......     24%         3    ###....
 Sticky Flame             Conj/Fire      ##......     45%         4    #####..
 Fireball                 Conj/Fire      ##........   82%         5    ######.


Dungeon Overview and Level Annotations

Branches:
Dungeon (2/15)

Altars:


Innate Abilities, Weirdness & Mutations

You cannot wear most types of armour.
You are very stealthy in the water. (Stealth+)
You are amphibious.
You can wear up to eight rings at the same time.
You can use your tentacles to constrict eight enemies at once.
Your skin changes colour to match your surroundings (Stealth+).
Your rubbery body absorbs attacks. (AC +1, EV +1)


Message History

The foxfire hits the ogre.
The ogre is lightly wounded.
The foxfire hits the ogre.
The ogre is moderately wounded.
Casting: Foxfire (safe; 5% risk of failure)
Confirm with . or Enter, or press ? or * to list all spells.
You don't know that spell.
Unknown command.
Casting: Foxfire (safe; 5% risk of failure)
Confirm with . or Enter, or press ? or * to list all spells.
You conjure some foxfire!
Casting: Foxfire (safe; 5% risk of failure)
Confirm with . or Enter, or press ? or * to list all spells.
You conjure some foxfire!
The foxfire hits the ogre.
The ogre is heavily wounded.
The foxfire hits the ogre.
The ogre is heavily wounded.
The ogre hits you with a +0 giant spiked club!!
Ouch! That really hurt!
You die...

... ... ... #.# #.# #!# #.#..#
#. #.# #.##.# ##.## ##'## #.##.#
#...# ##.O.## #.##.## #.#.###
##..@v.## #..... #...#.##
##..ยง.v..## ##.##.#
##....####.........####.((#.###
##(..<....'.........).).........
#......####.........####...#.###
##.##.## ##.......## ##.##.#
#.#### ##.....## ####.# #.#
##...## #.# #.# ##'## #.#


You could see an ogre.

Vanquished Creatures
  An adder (D:2)
  A dart slug (D:1)
  2 leopard geckos (D:1)
  3 bats
  2 giant cockroaches
  A goblin (D:2)
  3 hobgoblins
  4 jackals (D:1)
  A ball python (D:1)
  3 frilled lizards
  5 kobolds
  3 rats
29 creatures vanquished.

Vanquished Creatures (others)
  58 foxfires
58 creatures vanquished.

Grand Total: 87 creatures vanquished

Notes
Turn   | Place    | Note
-------+----------+-------------------------------------------
     0 | D:1      | Ethylacetat the Octopode Fire Elementalist began the quest
                  | for the Orb.
     0 | D:1      | Reached XP level 1. HP: 11/11 MP: 3/3
     3 | D:1      | Noticed a naga
    11 | D:1      | Noticed a gargoyle
    13 | D:1      | Noticed a spriggan
    15 | D:1      | Noticed a dwarf
    15 | D:1      | Noticed a human
    17 | D:1      | Noticed a felid
    17 | D:1      | Noticed an elf
    21 | D:1      | Noticed an octopode
   290 | D:1      | Reached XP level 2. HP: 17/17 MP: 0/5
  1294 | D:1      | Reached XP level 3. HP: 21/21 MP: 0/6
  1663 | D:2      | Noticed an ogre
  1667 | D:2      | Mangled by an ogre

Illustrated notes

Levels and vault maps discovered:
D:1:      shiori_arrival_whats_in_store_for_you, layout_loops_ring,
          grunt_decor_arrowhead, chequers_serial_rivers_micro_c, nrook_campfire
D:2:      layout_loops_corners

Skill      XL: |  1  2  3 |
---------------+----------+-----
Conjurations   | 2 |  2.2
Dodging        | |  2.0
Stealth        | |  2.6
Spellcasting   | |  2.3
Fire Magic     | |  3.6

Action                   || total
-------------------------++-------
Melee: Unarmed           ||    22
       Constrict         ||     6
       Tentacles         ||     5
 Cast: Foxfire           ||    44
  Eat: Chunk             ||     3
Armor: Skin              ||     4
Dodge: Dodged            ||    16
